 Dungeon Crawl Stone Soup version 0.25-a0-528-g6b7c99946c (webtiles) character file.

Game seed: 15860284825905629088, levelgen mode: deterministic

1094 Roikka the Caller (level 8, -8/60 HPs)
             Began as a Black Draconian Summoner on Feb 19, 2020.
             Shot with an arrow by a centaur (9 damage)
             ... on level 6 of the Dungeon.
             The game lasted 00:17:29 (7867 turns).

Roikka the Caller (Black Draconian Summoner)        Turns: 7867, Time: 00:17:29

Health: -8/60      AC:  7    Str: 11    XL:     8   Next: 10%
Magic:  12/14      EV: 13    Int: 17    God:
Gold:   271        SH:  0    Dex: 12    Spells: 6/16 levels left

rFire    x . .     SeeInvis .   a - +4 club
rCold    + . .     Gourm    .   (no shield)
rNeg     . . .     Faith    .   (armour unavailable)
rPois    .         Spirit   .   (helmet restricted)
rElec    +         Reflect  .   (no cloak)
rCorr    .         Harm     .   x - +0 pair of gloves (curse)
MR       .....                  (no boots)
Stlth    ++........             (no amulet)
HPRegen  0.20/turn              j - ring of ice
MPRegen  0.14/turn              (no ring)

@: flying, studying Slings
A: breathe lightning, unfitting armour, electricity resistance, cold-blooded, AC
+6
a: Breathe Lightning


You were on level 6 of the Dungeon.
You were hungry.

You visited 2 branches of the dungeon, and saw 7 of its levels.

You collected 271 gold pieces.

Inventory:

Hand Weapons
 a - a +4 club (weapon)
 b - a +2 flail of holy wrath
Armour
 x - a cursed +0 pair of gloves (worn)
Jewellery
 j - a ring of ice (left hand)
 v - a +3 amulet of reflection {unknown}
Wands
 m - a wand of random effects (23)
 p - a wand of paralysis (17)
Scrolls
 c - 5 scrolls of remove curse
 d - 5 scrolls of identify
 f - 2 scrolls of enchant weapon
 t - a scroll of teleportation
 y - a scroll of fear {unknown}
Potions
 e - a potion of cancellation {unknown}
 g - a potion of stabbing {unknown}
 h - 2 potions of might {unknown}
 i - a potion of invisibility {unknown}
 k - 2 potions of flight
 n - a potion of haste {unknown}
 o - 5 potions of curing
 q - a potion of berserk rage {unknown}
 r - a potion of heal wounds {unknown}
 s - a potion of resistance {unknown}
Books
 u - a manual of Slings
Comestibles
 l - 4 rations


   Skills:
 + Level 1.7 Fighting
 + Level 4.0 Maces & Flails
 - Level 4.0 Dodging
 - Level 1.7 Stealth
 + Level 4.5 Spellcasting
 + Level 6.0 Summonings
 + Level 3.8 Air Magic


You had 6 spell levels left.
You knew the following spells:

 Your Spells              Type           Power        Failure   Level  Hunger
a - Summon Small Mammal   Summ           ###.         1%          1    None
b - Call Imp              Summ           ###.....     1%          2    ##.....
c - Summon Guardian Gole  Hex/Summ       ##......     13%         3    ###....
d - Summon Lightning Spi  Summ/Air       ###.....     21%         4    ####...

Your spell library contained the following spells:

 Spells                   Type           Power        Failure   Level  Hunger
 Call Canine Familiar     Summ           ###.....     3%          3    ###....
 Magic Dart               Conj           #...         16%         1    None
 Searing Ray              Conj           #.....       22%         2    ##.....
 Dazzling Flash           Conj/Hex       #.....       41%         3    ###....
 Summon Ice Beast         Ice/Summ       ###.....     41%         4    ####...
 Fulminant Prism          Conj/Hex       #.........   83%         4    ####...
 Iskenderun's Mystic Bla  Conj/Tloc      #.......     83%         4    ####...


Dungeon Overview and Level Annotations

Branches:
Dungeon (6/15)             Temple (1/1) D:4

Altars:
Ashenzari
Dithmenos
Elyvilon
Fedhas
Gozag
Hepliaklqana
Makhleb
Nemelex Xobeh
Okawaru
Qazlal
Ru
Trog
Uskayaw
Vehumet
Xom
Zin
The Shining One


Innate Abilities, Weirdness & Mutations

You can breathe wild blasts of lightning.
Your glossy black scales are hard. (AC +6)
You cannot fit into any form of body armour.
You are resistant to electric shocks. (rElec)
You are cold-blooded and may be slowed by cold attacks.


Message History

You hit the centaur.
The centaur is heavily wounded.
The centaur barely misses you.
Your crimson imp blinks!
The centaur hits you with an uncursed staff of air!
* * * LOW HITPOINT WARNING * * *
Unknown command.
You swap places.
The centaur wields a +0 shortbow.
The centaur shoots an arrow.
The arrow hits your crimson imp but does no damage.
Your crimson imp hits the centaur but does no damage.
Your crimson imp blinks!
The centaur shoots an arrow.
The arrow hits your crimson imp!
Your crimson imp dies!
The centaur shoots an arrow.
The arrow hits you!
* * * LOW HITPOINT WARNING * * *
You see here an arrow.
It was a potion of flight.
You feel very buoyant.
You fly up into the air.
The centaur shoots an arrow.
The arrow hits you!
You die...

#.# #.# #.# #.#
#.# #.#
#.#####.#####.#
#.............#
.#####.#######
## #.# .. #.#
## #@# #.### #
##.#(#
###..###c.(#
....5..(((##
####.###(##
#....## ....###
### ##


You could see a centaur.

Vanquished Creatures
  Grinder (D:5)
  Duvessa (D:4)
  A phantom (D:5)
  A bullfrog (D:6)
  A howler monkey (D:6)
  A crimson imp (D:5)
  A hound (D:5)
  A centaur skeleton (D:6)
  Ijyb (D:4)
  Natasha (D:4)
  3 orc wizards
  4 worker ants
  2 gnolls
  4 adders (D:4)
  A shadow imp (D:5)
  An ooze (D:4)
  3 worms
  3 dart slugs
  A leopard gecko (D:5)
  8 orcs
  3 giant cockroaches
  4 goblins (D:1)
  3 hobgoblins
  4 kobolds
  8 quokkas
  2 ball pythons
  A ball python skeleton (D:4)
  5 bats
  3 frilled lizards
  2 jackal skeletons
  A leopard gecko skeleton (D:4)
  6 rats
82 creatures vanquished.

Vanquished Creatures (collateral kills)
  An ogre (D:4)
  Dowan (D:4)
  An iguana (D:6)
  Natasha (twice) (D:4)
  A gnoll (D:4)
  2 adders
  A dart slug (D:1)
  An orc (D:4)
  2 goblins (D:1)
  A kobold (D:1)
13 creatures vanquished.

Grand Total: 95 creatures vanquished

Notes
Turn   | Place    | Note
-------+----------+-------------------------------------------
     0 | D:1      | Roikka the Draconian Summoner began the quest for the Orb.
     0 | D:1      | Reached XP level 1. HP: 14/14 MP: 3/3
   289 | D:1      | Reached XP level 2. HP: 20/20 MP: 5/5
   293 | D:1      | Learned a level 2 spell: Call Imp
   790 | D:2      | Found a hazy altar of Hepliaklqana.
  1150 | D:2      | Reached XP level 3. HP: 26/26 MP: 6/6
  1295 | D:2      | Found a hide-covered altar of Uskayaw.
  1435 | D:2      | Learned a level 3 spell: Summon Guardian Golem
  1579 | D:3      | Reached skill level 1 in Maces & Flails
  1580 | D:3      | Found a shimmering altar of Xom.
  2172 | D:4      | Noticed an ogre
  2180 | D:4      | Noticed Natasha
  2183 | D:4      | Killed an ogre
  2183 | D:4      | Reached XP level 4. HP: 33/33 MP: 0/8
  2184 | D:4      | Noticed Ijyb
  2187 | D:4      | Killed Natasha
  2187 | D:4      | Reached XP level 5. HP: 29/38 MP: 1/9
  2195 | D:4      | Killed Ijyb
  2732 | D:4      | Found a staircase to the Ecumenical Temple.
  2741 | Temple   | Entered the Ecumenical Temple
  3215 | D:4      | Learned a level 4 spell: Summon Lightning Spire
  3340 | D:4      | Noticed Dowan
  3341 | D:4      | Noticed Duvessa
  3345 | D:4      | Noticed Natasha
  3351 | D:4      | Killed Duvessa
  3351 | D:4      | Reached skill level 5 in Summonings
  3351 | D:4      | Reached XP level 6. HP: 17/45 MP: 6/11
  3655 | D:4      | Reached skill level 1 in Air Magic
  4651 | D:4      | Killed Dowan
  4893 | D:4      | Killed Natasha
  5176 | D:4      | Noticed Natasha
  5192 | D:4      | Killed Natasha
  5277 | D:5      | Entered Level 5 of the Dungeon
  5580 | D:5      | Found an opulent altar of Gozag.
  5786 | D:5      | Your scales start taking on a glossy black colour.
  5786 | D:5      | Reached XP level 7. HP: 48/50 MP: 12/12
  5786 | D:5      | Gained mutation: You are resistant to electric shocks.
                  | (rElec) [Black Draconian growth]
  5801 | D:5      | Noticed Grinder
  5817 | D:5      | Paralysed by Grinder for 4 turns
  5824 | D:5      | Killed Grinder
  6556 | D:5      | Found a glowing golden altar of the Shining One.
  6557 | D:5      | Found a glowing silver altar of Zin.
  6697 | D:5      | Found a burning altar of Makhleb.
  6699 | D:5      | Noticed a cacodemon
  6703 | D:5      | Noticed a neqoxec
  6703 | D:5      | Noticed a smoke demon
  7061 | D:6      | Reached skill level 1 in Fighting
  7228 | D:6      | Reached XP level 8. HP: 39/59 MP: 12/14
  7493 | D:6      | Reached skill level 6 in Summonings
  7866 | D:6      | HP: 1/60 [centaur/arrow (10)]
  7867 | D:6      | Shot with an arrow by a centaur

Levels and vault maps discovered:
D:1:      lightli_iron_boxes, layout_basic
D:2:      layout_rooms, marbit_many_paths, lemuel_crystal_altar,
          minmay_tetromino_o4
D:3:      layout_basic, overflow_temple_1_default
D:4:      layout_basic, minmay_temple_entry_wispy, uniq_ijyb, uniq_duvessa,
          uniq_natasha
D:5:      layout_basic, makhleb_altar_promises_db, grunt_gozag_breadcrumbs,
          chequers_temple_overflow_statue_of_worship, first_ration, st_stairs_8,
          minmay_manual_macuahuitl, uniq_grinder
D:6:      layout_loops_ring, slow_altar_1
Temple:   chequers_temple_sunken

Skill      XL: |  1  2  3  4  5  6  7  8 |
---------------+-------------------------+-----
Dodging        | 2 3 4 |  4.0
Maces & Flails | 1 2 3 4 |  4.0
Spellcasting   | 3 4 |  4.5
Summonings     | 5 6 |  6.0
Air Magic      | 2 3 |  3.8
Fighting       | 1 |  1.7
Stealth        | |  1.7

Action                   |  1- 3 |  4- 6 |  7- 9 || total
-------------------------+-------+-------+-------++-------
Melee: Mace              |    12 |       |       ||    12
       Whip              |    93 |    11 |       ||   104
       Tailslap          |     4 |    18 |    13 ||    35
       Club              |       |   144 |    75 ||   219
       Flail             |       |    13 |    35 ||    48
 Cast: Summon Small Mamm |    12 |       |       ||    12
       Call Imp          |       |    16 |    12 ||    28
  Use: Scroll            |     4 |     3 |       ||     7
       Potion            |       |     2 |     1 ||     3
 Stab: Sleeping          |     5 |     2 |     3 ||    10
       Distracted        |       |     1 |     1 ||     2
  Eat: Chunk             |     4 |     6 |     6 ||    16
       Ration            |       |     2 |       ||     2
Armor: Skin              |    34 |    50 |    35 ||   119
Dodge: Dodged            |    72 |   130 |    72 ||   274

Table legend:
 A = Non-vault XP
 B = Vault XP
 C = Vault XP percentage of total XP
 D = Non-vault monster count
 E = Vault monster count
 F = Vault count percentage of total count
                 A         B        C        D         E       F
            +---------+---------+-------+---------+---------+-------
      Total |     900 |     664 |  42.5 |      82 |      13 |  13.7
            +---------+---------+-------+---------+---------+-------
        D:1 |      24 |       0 |   0.0 |      14 |       0 |   0.0
        D:2 |      28 |       5 |  15.2 |      11 |       4 |  26.7
        D:3 |      33 |       0 |   0.0 |       9 |       0 |   0.0
        D:4 |     290 |     220 |  43.1 |      24 |       4 |  14.3
        D:5 |     210 |     439 |  67.6 |      14 |       5 |  26.3
        D:6 |     315 |       0 |   0.0 |      10 |       0 |   0.0
            +---------+---------+-------+---------+---------+-------
